 Dungeon Crawl Stone Soup version 0.25-a0-317-g5f8687b (webtiles) character file.

Game seed: 13304798687776566399, levelgen mode: deterministic

814 Buxparty the Chopper (level 7, 44/64 HPs)
             Began as a Deep Dwarf Fighter on Dec 25, 2019.
             Was an Initiate of Makhleb.
             Starved to death
             ... on level 5 of the Dungeon.
             The game lasted 00:10:43 (2430 turns).

Buxparty the Chopper (Deep Dwarf Fighter)           Turns: 2430, Time: 00:10:43

Health: 44/64      AC:  7    Str: 22    XL:     7   Next: 62%
Magic:  5/5        EV:  9    Int:  8    God:    Makhleb [......]
Gold:   113        SH: 11    Dex: 12    Spells: 6/6 levels left

rFire    . . .     SeeInvis .   a - +1 war axe
rCold    . . .     Gourm    .   c - +1 shield
rNeg     . . .     Faith    .   b - +0 scale mail
rPois    .         Spirit   .   (no helmet)
rElec    .         Reflect  .   (no cloak)
rCorr    .         Harm     .   (no gloves)
MR       +....                  (no boots)
Stlth    ..........             (no amulet)
HPRegen  0.00/turn              (no ring)
MPRegen  0.09/turn              (no ring)

@: fainting, non-regenerating
A: damage resistance, heal wounds, sense surroundings 1, no regeneration
a: Heal Wounds, Renounce Religion


You were on level 5 of the Dungeon.
You worshipped Makhleb.
Makhleb was noncommittal.
You were fainting.

You visited 2 branches of the dungeon, and saw 6 of its levels.

You collected 113 gold pieces.

Inventory:

Hand Weapons
 a - a +1 war axe (weapon)
Armour
 b - a +0 scale mail (worn)
 c - a +1 shield (worn)
Jewellery
 i - an uncursed amulet of magic regeneration {unknown}
Scrolls
 g - 4 scrolls of identify
 k - a scroll of magic mapping
 l - a scroll of amnesia
 q - a scroll of teleportation
Potions
 d - 3 potions of might
 e - 3 potions of heal wounds
 h - 4 potions of curing


   Skills:
 - Level 4.1 Fighting
 + Level 5.7 Axes
 + Level 5.5 Armour
 + Level 2.2 Dodging
 + Level 0.1 Stealth
 + Level 5.3 Shields


You had 6 spell levels left.
You didn't know any spells.
Your spell library was empty.

Dungeon Overview and Level Annotations

Branches:
Dungeon (5/15)             Temple (1/1) D:4

Altars:
Ashenzari
Cheibriados
Dithmenos
Elyvilon
Fedhas
Gozag
Hepliaklqana
Kikubaaqudgha
Makhleb
Nemelex Xobeh
Okawaru
Qazlal
Ru
Sif Muna
Trog
Uskayaw
Wu Jian
Xom
Yredelemnul
Zin
The Shining One


Innate Abilities, Weirdness & Mutations

You are resistant to damage.
You can heal yourself by infusing magical energy.
You passively map a small area around you.
You do not regenerate.


Message History

The phantom hits you but does no damage.
You block the phantom's attack.
The phantom blinks!
You slash the phantom!
You destroy the phantom!
Makhleb accepts your kill.
There is a stone staircase leading down, spattered with blood here.
You climb downwards.
There is a stone staircase leading up, spattered with blood here.
A quokka skeleton comes into view.
Found a hand axe.
You see here a scroll of magic mapping.
The quokka skeleton barely misses you. The quokka skeleton barely misses you.
Found 14 sling bullets and a glowing rapier.
Found 19 stones.
The quokka skeleton bites you but does no damage.
Found 7 gold pieces.
You have starved to death.
You die...

*, , , , ,, * , ,
#.....##.. ,..
*#...)..#.## ...(.
#.........##..... ,
#...#.)......... ,
...........#..## , ,
..........#....# * ,
**
#........##....###..
, #(....@.Z.........
#$....##......## ,
####.##...?...# , #.
#.......## , #*
#......<†#, **
####.........#
#.....#......
##..###....## #.##
*....#


You could see a quokka skeleton.

Vanquished Creatures
  Menkaure (D:4)
  Duvessa (D:4)
  2 phantoms
  Dowan (D:4)
  A crimson imp (D:3)
  A centaur zombie (D:5)
  A centaur skeleton (D:4)
  3 orc wizards (D:3)
  2 worker ants (D:4)
  7 adders
  An ooze (D:4)
  4 worms
  A dart slug (D:4)
  4 leopard geckos
  5 orcs (D:3)
  8 bats
  2 giant cockroaches
  2 goblins (D:2)
  11 hobgoblins
  A quokka (D:2)
  A ball python (D:1)
  4 frilled lizards
  4 kobolds
  4 rats
72 creatures vanquished.

Notes
Turn   | Place    | Note
-------+----------+-------------------------------------------
     0 | D:1      | Buxparty the Deep Dwarf Fighter began the quest for the
                  | Orb.
     0 | D:1      | Reached XP level 1. HP: 20/20 MP: 1/1
   340 | D:2      | Reached XP level 2. HP: 27/27 MP: 2/2
   406 | D:2      | Reached XP level 3. HP: 29/33 MP: 3/3
   571 | D:2      | Found a blossoming altar of Fedhas.
   928 | D:3      | Reached XP level 4. HP: 16/42 MP: 4/4
   989 | D:3      | Reached skill level 1 in Dodging
  1006 | D:3      | Found a snail-covered altar of Cheibriados.
  1007 | D:3      | Reached XP level 5. HP: 47/49 MP: 5/5
  1238 | D:3      | Found a sparkling altar of Nemelex Xobeh.
  1240 | D:3      | Noticed a phantom
  1269 | D:3      | Killed a phantom
  1269 | D:3      | Reached XP level 6. HP: 46/56 MP: 5/5
  1655 | D:4      | Found a hazy altar of Hepliaklqana.
  1698 | D:4      | Noticed Duvessa
  1699 | D:4      | Noticed Dowan
  1729 | D:4      | Killed Dowan
  1753 | D:4      | Killed Duvessa
  1753 | D:4      | Reached skill level 5 in Armour
  1753 | D:4      | Reached skill level 5 in Shields
  1753 | D:4      | Reached XP level 7. HP: 36/64 MP: 5/5
  2030 | D:4      | Noticed Menkaure
  2036 | D:4      | Killed Menkaure
  2036 | D:4      | Reached skill level 5 in Axes
  2115 | D:4      | Found a staircase to the Ecumenical Temple.
  2132 | Temple   | Entered the Ecumenical Temple
  2207 | Temple   | Became a worshipper of Makhleb the Destroyer
  2353 | D:5      | Entered Level 5 of the Dungeon
  2353 | D:5      | Noticed a hungry ghost
  2430 | D:5      | Starved to death

Levels and vault maps discovered:
D:1:      psy_arrival_radial02, layout_rooms, minivault_25
D:2:      layout_rooms, fedhas_altar_4
D:3:      layout_loops_cross, nemelex_xobeh_ov_fountains_minmay, fountainhead,
          minmay_misc_feat_x, cheibriados_altar_1
D:4:      layout_basic, old_standard_altar, minmay_temple_entry_wispy,
          first_ration, uniq_menkaure, uniq_duvessa
D:5:      corexii_shantytown, layout_cave_pools, basic_altar
Temple:   compressed_dpeg_circular_temple

Skill      XL: |  1  2  3  4  5  6  7 |
---------------+----------------------+-----
Fighting       | 3 4 |  4.1
Armour         | 4 5 |  5.5
Axes           | 3 4 5 |  5.7
Shields        | 4 5 |  5.3
Dodging        | 1 2 |  2.2
Stealth        | |  0.1

Action                   |  1- 3 |  4- 6 |  7- 9 || total
-------------------------+-------+-------+-------++-------
Melee: War axe           |    97 |   158 |    47 ||   302
 Abil: Heal Wounds       |     1 |     5 |       ||     6
  Use: Potion            |       |       |     9 ||     9
       Scroll            |       |       |     8 ||     8
  Eat: Chunk             |       |     3 |       ||     3
       Ration            |       |       |     3 ||     3
Armor: Scale mail        |    63 |    65 |    33 ||   161
Dodge: Dodged            |    34 |    61 |    16 ||   111
Block: Shield            |    62 |    82 |    28 ||   172

Table legend:
 A = Non-vault XP
 B = Vault XP
 C = Vault XP percentage of total XP
 D = Non-vault monster count
 E = Vault monster count
 F = Vault count percentage of total count
                 A         B        C        D         E       F
            +---------+---------+-------+---------+---------+-------
      Total |     786 |     378 |  32.5 |      69 |       3 |   4.2
            +---------+---------+-------+---------+---------+-------
        D:1 |       6 |       0 |   0.0 |       4 |       0 |   0.0
        D:2 |      58 |       0 |   0.0 |      22 |       0 |   0.0
        D:3 |     409 |       0 |   0.0 |      30 |       0 |   0.0
        D:4 |     263 |     378 |  59.0 |      11 |       3 |  21.4
        D:5 |      50 |       0 |   0.0 |       2 |       0 |   0.0
            +---------+---------+-------+---------+---------+-------
